 Dungeon Crawl Stone Soup version 0.19.4-8-ga85b6b9 (webtiles) character file.

107 Mefis the Magician (level 4, -1/24 HPs)
             Began as a Deep Elf Wizard on Feb 12, 2017.
             Slain by an orc priest (4 damage)
             ... on level 1 of the Dungeon.
             The game lasted 00:06:29 (2867 turns).

Mefis the Magician (Deep Elf Wizard)                Turns: 2867, Time: 00:06:30

Health: -1/24      AC:  2    Str:  4    XL:     4   Next: 57%
Magic:  0/13       EV: 13    Int: 24    God:
Gold:   94         SH:  0    Dex: 13    Spells: 6 memorised, 1 level left

rFire  . . .     SeeInvis .     q - +1 short sword (drain)
rCold  . . .     Gourm    .     a - +0 robe
rNeg   . . .     Faith    .     (no shield)
rPois  .         Spirit   .     b - +0 hat
rElec  .         Reflect  .     (no cloak)
rCorr  .         Harm     .     (no gloves)
MR     .....                    (no boots)
Stlth  ++........               (no amulet)
                                (no ring)
                                (no ring)

@: very slightly contaminated, repel missiles
A: no striking features
a: no special abilities


You were on level 1 of the Dungeon.
You were very hungry.

You visited 1 branch of the dungeon, and saw 3 of its levels.

You collected 94 gold pieces.

Inventory:

Hand Weapons
 f - a +0 dagger
 q - a +1 short sword of draining (weapon)
Armour
 a - a +0 robe (worn)
 b - a +0 hat (worn)
Jewellery
 j - an uncursed ring of wizardry {unknown}
 p - an uncursed ring of wizardry {unknown}
Scrolls
 g - a scroll of teleportation {unknown}
 h - 5 scrolls of identify {unknown}
 k - a scroll of amnesia {unknown}
 l - 2 scrolls of magic mapping {unknown}
 s - a scroll of blinking {unknown}
 v - a scroll of enchant armour {unknown}
Potions
 e - 2 potions of degeneration {unknown}
 i - a potion of berserk rage {unknown}
 m - 3 potions of curing {unknown}
 o - a potion of cure mutation {unknown}
 r - a potion of flight {unknown}
 u - a potion of haste {unknown}
 x - a potion of magic {unknown}
Books
 c - a book of Minor Magic

   Spells                             Type                      Level
   a - Magic Dart                     Conjuration                  1
   b - Blink                          Translocation                2
   c - Call Imp                       Summoning                    2
   d - Repel Missiles                 Charms/Air                   2
   e - Slow                           Hexes                        2
   f - Conjure Flame                  Conjuration/Fire             3
   g - Mephitic Cloud                 Conjuration/Poison/Air       3
Comestibles
 d - 3 bread rations
 n - a slice of pizza
 t - a meat ration


   Skills:
 + Level 3.0 Dodging
 + Level 3.4 Stealth
 * Level 5.7 Spellcasting
 + Level 2.1 Conjurations
 - Level 1.1 Summonings
 - Level 1.1 Translocations
 + Level 0.8 Air Magic
 - Level 1.0 Poison Magic


You had one spell level left.
You knew the following spells:

 Your Spells              Type           Power        Failure   Level  Hunger
a - Magic Dart            Conj           ###.         3%          1    None
b - Call Imp              Summ           ##......     10%         2    None
c - Blink                 Tloc           N/A          10%         2    None
d - Repel Missiles        Chrm/Air       #.....       12%         2    None
e - Mephitic Cloud        Conj/Pois/Air  ##......     17%         3    #......
f - Conjure Flame         Conj/Fire      ##......     21%         3    #......


Dungeon Overview and Level Annotations

Branches:
Dungeon (3/15)

Altars:
Yredelemnul

Annotations:
D:3 Robin


Message History

The orc priest is severely wounded.
The orc priest barely misses you.
You are feeling very hungry.
You closely miss the orc priest.
The orc priest is severely wounded.
The orc priest invokes the aid of Beogh against you.
Pain shoots through your body!
* * * LOW HITPOINT WARNING * * *
Casting: Mephitic Cloud
Confirm with . or Enter, or press ? or * to list all spells.
Aiming: Mephitic Cloud
Press: ? - help, Shift-Dir - straight line You miscast Mephitic Cloud.
The air around you crackles with energy!
The orc priest closely misses you.
You are too injured to fight recklessly!
You hit the orc priest but do no damage.
The orc priest is severely wounded.
The orc priest hits you.
You die...

...............≈.....##########.#
...[...........≈......# ##.#
.......)..............# #..#
.......##..#.#####....## #.##
.........#.#.# ###...#######.##
######.......########............
....###.......##....##...........
....######.##..#....###..........
.......##..##...@...# #........†.
................o...# #..........
..............##....# #..........
###...........##....# #..........
..............##....###..........
.....................##..........
...##....#.############..........
..######...# ####.#.#### ..#
###.# #.#.#


You could see an orc priest.

Vanquished Creatures
  An adder (D:2)
  A worm (D:2)
  A dart slug (D:1)
  3 leopard geckos (D:1)
  3 orcs (D:3)
  A ball python (D:2)
  2 giant cockroaches
  10 goblins
  9 hobgoblins
  4 jackals (D:2)
  2 quokkas (D:2)
  7 bats
  8 frilled lizards
  8 kobolds
  6 rats
66 creatures vanquished.

Vanquished Creatures (collateral kills)
  Terence (D:3)
1 creature vanquished.

Grand Total: 67 creatures vanquished

Notes
Turn   | Place    | Note
-------+----------+-------------------------------------------
     0 | D:1      | Mefis the Deep Elf Wizard began the quest for the Orb.
     0 | D:1      | Reached XP level 1. HP: 10/10 MP: 7/7
   290 | D:1      | Reached XP level 2. HP: 15/15 MP: 6/9
   294 | D:1      | Learned a level 2 spell: Call Imp
   297 | D:1      | Learned a level 2 spell: Blink
   300 | D:1      | Learned a level 2 spell: Repel Missiles
   705 | D:1      | Reached skill level 5 in Spellcasting
   709 | D:1      | Reached XP level 3. HP: 19/19 MP: 0/11
   876 | D:1      | Learned a level 3 spell: Mephitic Cloud
  1163 | D:2      | Found a basalt altar of Yredelemnul.
  1886 | D:2      | Reached skill level 1 in Poison Magic
  1886 | D:2      | Reached XP level 4. HP: 24/24 MP: 8/13
  1891 | D:2      | Learned a level 3 spell: Conjure Flame
  2363 | D:3      | Noticed Terence
  2388 | D:3      | Killed Terence
  2603 | D:3      | Noticed Robin
  2867 | D:1      | Slain by an orc priest

Skill      XL: |  1  2  3  4 |
---------------+-------------+-----
Stealth        | 3 |  3.4
Spellcasting   | 5 |  5.7
Poison Magic   | 1 |  1.0
Conjurations   | 2 |  2.1
Dodging        | 3 |  3.0
Summonings     | |  1.1
Translocations | |  1.1
Air Magic      | |  0.8

Action                   |  1- 3 |  4- 6 || total
-------------------------+-------+-------++-------
Melee: Dagger            |    14 |       ||    14
       Short sword       |    11 |    17 ||    28
 Cast: Magic Dart        |    98 |    38 ||   136
       Repel Missiles    |     1 |       ||     1
       Call Imp          |     2 |     1 ||     3
       Mephitic Cloud    |     1 |     7 ||     8
 Stab: Confused          |     1 |       ||     1
  Eat: Chunk             |     3 |     2 ||     5
Armor: Robe              |     8 |     4 ||    12
Dodge: Dodged            |    25 |    33 ||    58
       Deflected         |     1 |       ||     1
